Map: Hecate LE

Players

Subwayeatn - Winner!

  • Race: Zerg Zerg
  • League: Diamond
  • Spawn Location: 7:00

Minji

  • Race: Zerg Zerg
  • League: Diamond
  • Spawn Location: 1:00

VOD

Have the link to the VOD?

Description

Time

  • Played on: Nov. 15, 2023, 5:28 p.m.
  • Length: 3:34
Show
View Real Time Build Order
Export as new Build Order

Subwayeatn Zerg - Winner!

Build Orders: Pool First 

Get SALT Encoding   

  12  0:00  Drone  
  13  0:07  Drone  
  13  0:12  Extractor  
  13  0:28  Spawning Pool  
  12  0:57  Hatchery  
  11  1:18  Queen  
  13  1:29  Metabolic Boost  
  13  1:34  Overlord  
  13  1:39  Zergling x2  
  14  1:52  Zergling x4  
  16  1:58  Zergling x2  
  17  2:09  Queen  
  17  2:12  Zergling x2  
  20  2:17  Zergling x2  
  21  2:23  Zergling x2  
  21  2:26  Zergling x2  
  23  2:41  Zergling x6  
  26  2:47  Zergling x2  
  26  2:49  Zergling x2  
  27  3:09  Zergling x2  
Show
View Real Time Build Order
Export as new Build Order

Minji Zerg 

Build Orders: Hatch First 

Get SALT Encoding   

  12  0:00  Drone  
  13  0:12  Overlord  
  13  0:16  Drone  
  14  0:30  Drone x2  
  14  0:34  Drone  
  17  0:53  Hatchery  
  17  0:56  Drone  
  17  1:11  Spawning Pool  
  16  1:12  Drone  
  16  1:15  Drone  
  18  1:26  Extractor  
  18  1:29  Drone  
  18  1:30  Drone  
  19  1:38  Overlord  
  19  1:57  Queen  
  19  2:00  Zergling x4  
  23  2:05  Queen  
  23  2:06  Drone  
  26  2:11  Drone  
  26  2:15  Drone  
  28  2:21  Drone  
  29  2:26  Drone  
  30  2:32  Overlord  
  30  2:41  Drone  
  31  2:48  Drone x2  
  33  2:52  Queen  
  33  2:53  Overlord  
  34  2:59  Zergling x2  
  32  3:06  Zergling x6  
  32  3:10  Zergling x2  
Tags
 
Add a new tag
Caveats
  • Supply blocks, unpowered buildings, or Contaminate may cause inaccurate times.
  • Supply counts are checked every 10 seconds.